 Dungeon Crawl Stone Soup version 0.21-a0-632-g1e37ce5 (webtiles) character file.

394484 mortelune the Tortoise (level 22, -1/213 HPs)
             Began as a Deep Dwarf Fighter on Dec 27, 2017.
             Was the Champion of Makhleb.
             Slain by a titanic slime creature (58 damage)
             ... on level 3 of the Depths on Dec 28, 2017.
             The game lasted 04:28:39 (45135 turns).

mortelune the Tortoise (Deep Dwarf Fighter)        Turns: 45135, Time: 04:28:40

Health: -1/213     AC: 33    Str: 22      XL:     22   Next: 16%
Magic:  21/21      EV: 11    Int: 10 (11) God:    Makhleb [******]
Gold:   295        SH: 29    Dex: 11 (12) Spells: 19/21 levels left

rFire    . . .     SeeInvis +   a - +9 broad axe (chaos)
rCold    . . .     Gourm    .   l - +0 large shield
rNeg     + . .     Faith    .   O - +6 plate armour of the Hart {rElec}
rPois    .         Spirit   .   A - +0 helmet
rElec    +         Reflect  +   E - scarf {cloud immunity}
rCorr    .         Harm     .   N - +2 pair of gloves "Hayt" {Regen+}
MR       ++++.     Clarity  +   z - +2 pair of boots {Stlth+}
Stlth    ..........             X - +3 amulet of reflection
HPRegen  0.00/turn              L - ring of protection from magic
MPRegen  0.17/turn              S - ring of see invisible

@: lethally poisoned (-1 -> -1), non-regenerating, slowed, studying Shields,
very slow
A: damage resistance, heal wounds, large bone plates 1, blurry vision 2,
clarity, clumsy 1, deterioration 2, negative energy resistance 1, sense
surroundings 3, screaming 2, weak 2, evolution 1, no potion heal 1, MP-powered
wands, no regeneration
}: 2/15 runes: decaying, gossamer
a: Heal Wounds, Minor Destruction, Lesser Servant of Makhleb, Major Destruction,
Greater Servant of Makhleb, Renounce Religion


You were on level 3 of the Depths.
You worshipped Makhleb.
Makhleb was exalted by your worship.
You were not hungry.

You visited 8 branches of the dungeon, and saw 41 of its levels.
You visited 1 bazaar.
You also visited: Sewer and Ice Cave.

You collected 5019 gold pieces.
You spent 4724 gold pieces at shops.

Inventory:

Hand Weapons
 a - a +9 broad axe of chaos (weapon)
 b - a +2 hand crossbow of freezing
 e - the +7 hand axe "Giantbane" {drain, *Drain rC+ rN+ Dex+4}
   (You found it on level 3 of the Elven Halls)

   A truly terrible weapon, it drains the life of those it strikes.
   It affects your dexterity (+4).
   It protects you from cold.
   It protects you from negative energy.
   It causes draining when unequipped.
Missiles
 x - 1173 bolts
Armour
 l - a +0 large shield (worn)
 z - a +2 pair of boots of stealth (worn)
 A - a +0 helmet (worn)
 E - a scarf of cloud immunity (worn)
 N - the +2 pair of gloves "Hayt" (worn) {Regen+}
   (You bought it in a shop on level 10 of the Dungeon)

   It increases your rate of regeneration.
 O - the +6 plate armour of the Hart (worn) {rElec}
   (You found it on level 2 of the Lair of Beasts)

   It insulates you from electricity.
Jewellery
 L - a ring of protection from magic (left hand)
 M - an uncursed ring of poison resistance
 P - the ring "Hichin" {+Inv EV+4}
   (You found it in an ice cave)

   [ring of evasion]

   It affects your evasion (+4).
   It lets you turn invisible.
 R - an uncursed ring of fire
 S - a ring of see invisible (right hand)
 X - a +3 amulet of reflection (around neck)
 Y - an uncursed ring of resist corrosion
Wands
 h - a wand of polymorph (14)
 q - a wand of clouds (7)
 r - a wand of paralysis (38)
 u - a wand of enslavement (50)
 C - a wand of iceblast (15)
 F - a wand of digging (38)
 H - a wand of acid (27)
Scrolls
 g - 6 scrolls of blinking
 m - 10 scrolls of amnesia
 o - 9 scrolls of fog
 v - 19 scrolls of teleportation
 w - 10 scrolls of identify
 y - 2 scrolls of summoning
 B - 8 scrolls of fear
 I - 7 scrolls of magic mapping
 Q - 2 scrolls of holy word
 U - 10 scrolls of remove curse
Potions
 d - 10 potions of agility
 i - 4 potions of cancellation
 j - 4 potions of heal wounds
 n - 5 potions of haste
 p - 6 potions of curing
 s - 2 potions of magic
 D - 9 potions of might
 J - 4 potions of brilliance
 K - 3 potions of invisibility
 V - 8 potions of flight
 W - a potion of resistance
Books
 Z - a manual of Shields
Miscellaneous
 k - 2 sacks of spiders
 t - 4 boxes of beasts
 G - 3 phantom mirrors
Comestibles
 f - 68 rations


   Skills:
 + Level 16.1 Fighting
 - Level 18.0 Axes
 - Level 13.0 Crossbows
 + Level 18.5 Armour
 + Level 11.1 Dodging
 * Level 18.3 Shields
 + Level 5.7 Translocations
 - Level 17.0 Invocations
 - Level 14.1 Evocations


You had 19 spell levels left.
You knew the following spells:

 Your Spells              Type           Power        Failure   Level  Hunger
a - Blink                 Tloc           N/A          67%         2    ###....


Dungeon Overview and Level Annotations

Branches:
Dungeon (15/15)            Temple (0/1) D:7            Lair (6/6) D:10
  Swamp (4/4) Lair:3       Spider (4/4) Lair:3        Slime (0/5) Lair:5
    Orc (2/2) D:11            Elf (3/3) Orc:2        Vaults (4/5) D:14
  Crypt (0/3) Vaults:3     Depths (3/5) D:15

Altars:
Ashenzari
Elyvilon
Makhleb
Sif Muna
Uskayaw
Vehumet

Shops:
D:5 *   D:7 [   D:10 [*   D:15 %   Orc:2 :([*   Elf:3 *   Vaults:1 (
Vaults:2 !   Vaults:3 *   Depths:1 ==   Depths:2 *!::

Portals:
Hell: Depths:1 Depths:2
Abyss: Depths:2
Pandemonium: Depths:1

Annotations:
D:2 1 exclusion, Sigmund
D:6 1 runed door, Pikel
D:10 hache a chercher
Lair:2 armure feu
Lair:5 exclusion: 5 oklob plants
Lair:6 exclusion: upstairs
Swamp:2 exclusion: 2 oklob plants


Innate Abilities, Weirdness & Mutations

You are resistant to damage.
You can heal yourself by infusing magical energy.
You resist negative energy. (rN+)
You passively map a large area around you.
You do not regenerate.
You are partially covered in large bone plates. (SH +4)
Scrolls take you longer to read.
You possess an exceptional clarity of mind.
You are clumsy. (Dex -2)
Your body often deteriorates upon taking damage.
You sometimes yell uncontrollably at your foes.
You are very weak. (Str -4)
You evolve.
Potions are less effective at restoring your health.
You expend magic power (3 MP) to strengthen your wands.


Message History

[Y]es or [N]o only, please.
Really read with blurry vision while enemies are nearby?
The winds around the air elemental calm down.
You block the air elemental's attack.
A vortex of raging winds appears around the air elemental!
You block the air elemental's attack. The air elemental closely misses you.
You block the air elemental's attack. The titanic slime creature hits you!!
Your body deteriorates!
You feel dopey.
The spriggan defender hits you but does no damage.
The death yak barely misses you.
The tengu conjurer gestures wildly while chanting.
The tengu conjurer conjures a globe of magical energy!
The yaktaur captain hits you!!
* * * LOW HITPOINT WARNING * * *
The air elemental barely misses you.
The spriggan berserker hits you but does no damage.
Your balrug hits the yaktaur captain with an antimagic demon whip!
The yaktaur captain is engulfed in flames!
The air elemental barely misses you. The titanic slime creature hits you!!!
You die...

≈, #*# ..≈≈.....#
,,#.#.#.≈≈.....# ,
, ≈ .((.#.≈≈.....#
##* ≈
......≈≈...$##..#,
* , ≈
......≈.......... *
, ....cc.c....?#.).
** ≈
...L*Q.cQ<....... *
......hiEi.......,
,, * *
≈≈....Qi@EJ...... *
* *
......*cJY....... *
*,......2.c..%....[
,,
................# ,
,**
...).............*
* ***
...(.../.........
,,* *
................# *
..............c.* ,
,, , ,*


You could see a tengu reaver, a lich, a death yak (berserk), a yaktaur captain,
a spriggan defender, a titanic slime creature, a slime creature, a spriggan
rider, a tengu warrior, a spriggan berserker, a polar bear (berserk), 6
yaktaurs, 2 air elementals, a tengu conjurer, 2 battlespheres and a friendly
balrug.

Vanquished Creatures
  A caustic shrike (Depths:1)
  Jorgrun (Spider:2)
  3 deep elf blademasters (Elf:3)
  4 sphinxes
  2 thorn hunters
  A shadow dragon (Depths:1)
  2 ancient champions (Vaults:3)
  Kirke (Spider:2)
  Donald (Elf:3)
  3 deep elf sorcerers
  4 frost giants
  7 fire giants
  4 ghost moths (Spider:4)
  7 vault wardens
  4 deep elf elementalists (Elf:3)
  6 emperor scorpions
  An orc warlord (Orc:2)
  2 war gargoyles
  10 ironheart preservers
  Nessos (D:13)
  A spriggan defender (Depths:1)
  2 entropy weavers (Spider:4)
  9 stone giants
  9 very ugly things
  2 vampire knights
  A deep elf demonologist (Elf:3)
  A lorocyproca (Depths:1)
  6 deep elf annihilators
  5 ettins
  2 spark wasps (Spider:4)
  5 deep elf death magi
  5 fire dragons
  10 yaktaur captains
  5 great orbs of eyes
  3 rakshasas
  A deep elf high priest (Elf:3)
  6 ice dragons
  22 hydras
  5 vault guards
  A ghost crab (Swamp:3)
  2 death knights
  6 centaur warriors
  9 alligators
  40 two-headed ogres
  An alligator snapping turtle (Vaults:4)
  10 ogre magi
  21 dancing weapons
  4 deep troll shamans
  2 tengu warriors
  Erica (D:8)
  8 deep troll earth magi
  4 death yaks (Lair:5)
  2 orc high priests (Orc:2)
  A spriggan berserker (Depths:1)
  20 deep elf knights
  A fire crab (shapeshifter) (Vaults:2)
  An iron troll (Depths:1)
  A torturous demonspawn (Depths:1)
  18 deep trolls
  A glowing orange brain (Vaults:2)
  6 wizards
  8 swamp dragons
  5 flayed ghosts
  An obsidian statue (D:10)
  4 necromancers
  An unseen horror (Vaults:1)
  4 phantasmal warriors
  10 deep elf archers
  9 ironbrand convokers
  12 orc knights
  8 harpies
  A lindwurm (Lair:6)
  5 shambling mangroves
  A harpy (shapeshifter) (Depths:2)
  4 oklob plants (Lair:5)
  25 ugly things
  56 deep elf magi
  4 cyclopes
  15 orb spiders
  32 wolf spiders
  2 manticores
  7 orc sorcerers
  7 elephants
  A guardian serpent (shapeshifter) (Vaults:2)
  A moth of wrath (Spider:3)
  A spiny frog (shapeshifter) (Vaults:2)
  A black mamba (Lair:1)
  4 gargoyles
  2 ice statues (IceCv)
  A naga mage (D:15)
  12 vault sentinels
  Joseph (D:9)
  22 spiny frogs
  A torpor snail (Spider:1)
  31 yaktaurs
  4 rime drakes
  6 komodo dragons
  A kobold demonologist (D:15)
  An efreet (D:14)
  9 demonic crawlers
  An ice devil (Depths:1)
  9 freezing wraiths
  A tengu conjurer (D:15)
  A troll (shapeshifter) (Elf:2)
  A polar bear (shapeshifter) (Vaults:3)
  3 polar bears (Lair:6)
  2 red devils (Depths:1)
  2 queen bees (shapeshifter)
  3 wind drakes (shapeshifter)
  A harpy zombie (D:15)
  A tyrant leech (Swamp:1)
  6 trolls
  23 jumping spiders
  32 hornets
  A meliai zombie (D:13)
  2 blink frogs (Lair:5)
  2 dream sheep (Lair:6)
  A stone giant simulacrum (Vaults:3)
  32 slime creatures
  4 bog bodies
  7 hippogriffs
  A frost giant simulacrum (Vaults:1)
  A tarantella (shapeshifter) (Depths:1)
  6 shadows
  40 yaks
  14 spriggans
  5 air elementals
  9 wraiths
  3 wyverns
  72 redbacks
  A spriggan (shapeshifter) (Vaults:1)
  2 water elementals
  A fire elemental (Elf:1)
  4 hogs
  A yak (shapeshifter) (Vaults:3)
  35 tarantellas
  4 basilisks
  3 fire bats (D:14)
  14 humans (D:14)
  19 vampire mosquitoes
  A golden eye (shapeshifter) (Depths:2)
  4 hungry ghosts
  5 wargs
  25 swamp worms
  9 insubstantial wisps
  3 acid dragons
  A soldier ant (shapeshifter) (D:13)
  9 water moccasins
  A floating eye (shapeshifter) (Vaults:4)
  29 orc warriors
  6 porcupines
  5 sky beasts
  13 swamp drakes
  4 black bears (Lair:6)
  12 ice beasts
  An eye of draining (D:14)
  3 phantoms
  27 wolves
  15 boggarts
  13 centaurs
  31 ogres
  21 crocodiles
  An earth elemental (Elf:2)
  10 bullfrogs
  2 wyvern zombies
  A glowing shapeshifter simulacrum (Vaults:3)
  A wyvern skeleton (D:12)
  A hornet simulacrum (D:15)
  8 scorpions
  3 killer bees
  4 electric eels
  A howler monkey (D:7)
  7 crimson imps
  4 bullfrog zombies
  4 centaur zombies
  4 lava snakes
  3 bullfrog skeletons
  5 jellies
  8 hounds
  2 quasits
  6 orc priests
  2 iguanas (shapeshifter) (Depths:2)
  Jessica (D:2)
  6 centaur skeletons
  Ijyb (D:5)
  5 iguanas
  15 orc wizards
  11 worker ants
  A killer bee zombie (D:5)
  A hound zombie (D:11)
  A hound skeleton (D:11)
  A worker ant zombie (D:6)
  A howler monkey skeleton (D:10)
  15 adders
  6 shadow imps
  7 oozes
  An adder skeleton (D:6)
  4 dart slugs
  21 leopard geckos
  48 orcs
  4 ball pythons (Sewer)
  16 giant cockroaches
  5 goblins
  10 hobgoblins
  2 jackals (D:3)
  6 kobolds
  7 quokkas
  5 bats
  18 frilled lizards
  A jackal skeleton (D:4)
  2 leopard gecko skeletons (D:4)
  6 rats
  9 crawling corpses
  2 fire vortices (D:14)
  A fungus (Orc:2)
  3 plants
1573 creatures vanquished.

Vanquished Creatures (collateral kills)
  A deep elf master archer (Elf:3)
  2 thorn hunters
  3 deep elf sorcerers (Elf:3)
  A stone giant (Depths:2)
  A very ugly thing (Depths:2)
  An entropy weaver (Spider:3)
  A deep elf demonologist (Elf:3)
  A deep elf annihilator (Elf:3)
  2 deep elf death magi (Elf:3)
  2 deep elf high priests (Elf:3)
  An ogre mage (Orc:2)
  A death knight (D:13)
  4 hydras
  An alligator (Swamp:2)
  A tengu warrior (Depths:1)
  2 death yaks (Lair:5)
  3 two-headed ogres
  A dancing weapon (Elf:2)
  2 deep elf knights
  A large abomination (Elf:3)
  2 skeletal warriors (D:13)
  The ghost of Lanoc the Skirmisher, a novice DsCK of Xom (D:7)
  A shambling mangrove (Swamp:1)
  2 swamp dragons
  A deep elf archer (Elf:3)
  A phantasmal warrior (D:14)
  6 orb spiders
  6 deep elf magi
  2 wolf spiders
  An orc sorcerer (Orc:2)
  An ugly thing (Depths:2)
  An elephant (Lair:2)
  3 spiny frogs
  2 black mambas
  A rime drake (IceCv)
  A demonic crawler (Spider:2)
  2 komodo dragons
  A troll (D:15)
  3 jumping spiders (Spider:4)
  3 hornets
  A tyrant leech (Swamp:2)
  Prince Ribbit (D:6)
  A bog body (Swamp:4)
  6 blink frogs
  5 hippogriffs
  3 slime creatures (D:14)
  A tarantella (Spider:2)
  7 spriggans
  5 redbacks
  3 hogs
  A fire bat (D:14)
  4 humans
  16 yaks
  2 wyverns
  A hungry ghost (D:14)
  2 wargs (D:11)
  A vampire mosquito (Swamp:2)
  A swamp worm (Swamp:1)
  A hell hound (D:14)
  A water moccasin (Lair:6)
  6 ice beasts (IceCv)
  4 orc warriors
  A porcupine (Lair:5)
  A sky beast (D:7)
  An eye of draining (D:15)
  A black bear (shapeshifter) (Depths:1)
  2 ogres
  10 wolves
  2 centaurs
  3 crocodiles
  4 bullfrogs
  4 killer bees
  A crimson imp (D:6)
  2 quasits (D:8)
  A jelly (D:8)
  3 hounds
  An orc priest (Orc:1)
  An adder (D:7)
  6 orcs
  A quokka (D:7)
  3 fungi
  A plant (Lair:5)
195 creatures vanquished.

Vanquished Creatures (others)
  2 deep elf master archers (Elf:3)
  A spriggan defender (Depths:3)
  2 stone giants
  A vampire knight (Depths:1)
  A deep elf annihilator (Vaults:1)
  A deep elf demonologist (Elf:3)
  An ettin (Depths:1)
  4 yaktaur captains
  An ice dragon (Depths:1)
  A spriggan air mage (Depths:3)
  A two-headed ogre (Depths:1)
  2 ogre magi
  A deep elf knight (Elf:1)
  A deep elf archer (Elf:1)
  A cyclops (Vaults:2)
  5 deep elf magi
  9 yaktaurs
  A basilisk (shapeshifter) (Vaults:1)
  An orc warrior (Vaults:1)
  An orc wizard (D:13)
  A crawling corpse (Elf:3)
  A fire vortex (D:14)
  25 fungi
  10 plants
75 creatures vanquished.

Grand Total: 1843 creatures vanquished

Notes
Turn   | Place    | Note
-------+----------+-------------------------------------------
     0 | D:1      | mortelune the Deep Dwarf Fighter began the quest for the Orb.
     0 | D:1      | Reached XP level 1. HP: 20/20 MP: 1/1
   261 | D:1      | Reached XP level 2. HP: 22/27 MP: 2/2
   449 | D:1      | Reached XP level 3. HP: 20/33 MP: 3/3
   842 | D:2      | Noticed Sigmund
  1040 | D:2      | Noticed Jessica
  1049 | D:2      | Killed Jessica
  1387 | D:2      | Reached XP level 4. HP: 30/42 MP: 4/4
  1451 | D:3      | Found a burning altar of Makhleb.
  1470 | D:3      | Became a worshipper of Makhleb the Destroyer
  1514 | D:3      | Found a shattered altar of Ashenzari.
  1708 | D:3      | Reached skill level 1 in Invocations
  1708 | D:3      | Reached XP level 5. HP: 21/49 MP: 5/5
  1886 | D:3      | Reached * piety under Makhleb
  1888 | D:3      | Found a glowing drain.
  1935 | Sewer    | Entered a sewer
  2181 | Sewer    | Reached ** piety under Makhleb
  2187 | Sewer    | Reached XP level 6. HP: 53/56 MP: 7/7
  2291 | Sewer    | Reached skill level 5 in Axes
  2508 | D:3      | Found a burning altar of Makhleb.
  2908 | D:4      | Reached skill level 5 in Armour
  2908 | D:4      | Reached XP level 7. HP: 54/64 MP: 9/9
  3350 | D:5      | Entered Level 5 of the Dungeon
  3383 | D:5      | Noticed Prince Ribbit
  3404 | D:5      | Reached *** piety under Makhleb
  3488 | D:5      | Got a spiked ring mail
  3783 | D:5      | Found Keoczuf's General Store.
  3796 | D:5      | Bought a +0 helmet for 49 gold pieces
  3796 | D:5      | Bought a scroll of fear for 38 gold pieces
  3835 | D:5      | Noticed Ijyb
  3839 | D:5      | Killed Ijyb
  4034 | D:5      | Reached XP level 8. HP: 45/73 MP: 10/10
  4325 | D:6      | Found a runed door.
  4421 | D:6      | Reached skill level 5 in Invocations
  4424 | D:6      | HP: 3/73 [Prince Ribbit (10)]
  4432 | D:6      | Killed Prince Ribbit
  4432 | D:6      | Reached skill level 5 in Fighting
  4503 | D:6      | Noticed a hand axe
  4503 | D:6      | Noticed a hand axe
  4513 | D:6      | Noticed Pikel
  4658 | D:6      | Found a hide-covered altar of Uskayaw.
  4705 | D:7      | Noticed Lanoc's ghost (novice DsCK)
  4783 | D:7      | Found Cysmike's Armour Emporium.
  4788 | D:7      | Bought a +0 pair of boots for 58 gold pieces
  4800 | D:7      | Found a white marble altar of Elyvilon.
  5075 | D:7      | Gained mutation: You passively map the area around you. [Deep Dwarf growth]
  5075 | D:7      | Reached XP level 9. HP: 63/81 MP: 12/12
  5169 | D:7      | Killed Lanoc's ghost
  5171 | D:7      | Found a staircase to the Ecumenical Temple.
  5720 | D:8      | Noticed Erica
  5730 | D:8      | Killed Erica
  5921 | D:8      | Reached skill level 10 in Axes
  6618 | D:9      | Noticed a two-headed ogre
  6632 | D:9      | Killed a two-headed ogre
  6632 | D:9      | Reached XP level 10. HP: 54/92 MP: 12/14
  6789 | D:9      | Reached **** piety under Makhleb
  7065 | D:9      | Noticed Joseph
  7086 | D:9      | Killed Joseph
  7246 | D:9      | Identified the +4 ring mail "Luobazuz" {MP+9} (You found it on level 5 of the Dungeon)
  7423 | D:10     | Entered Level 10 of the Dungeon
  7721 | D:10     | Reached XP level 11. HP: 69/100 MP: 15/15
  7794 | D:10     | Found a staircase to the Lair.
  7938 | D:10     | Found Lyjebb's General Store.
  7946 | D:10     | Bought a scroll of magic mapping for 49 gold pieces
  8136 | D:10     | Noticed an obsidian statue
  8545 | D:10     | Found Xuinioxt's Armour Boutique.
  8549 | D:10     | Bought a +1 pair of boots of stealth for 280 gold pieces
  8999 | D:11     | Noticed a two-headed ogre
  9007 | D:11     | Killed a two-headed ogre
  9015 | D:11     | Reached skill level 10 in Invocations
  9029 | D:11     | Found a staircase to the Orcish Mines.
  9800 | Lair:1   | Entered Level 1 of the Lair of Beasts
  9915 | Lair:1   | Noticed a four-headed hydra
  9925 | Lair:1   | Killed a four-headed hydra
 10029 | Lair:1   | Reached skill level 5 in Shields
 10609 | Lair:2   | Reached skill level 10 in Armour
 10715 | Lair:2   | Reached XP level 12. HP: 62/112 MP: 15/15
 11104 | Lair:2   | Got a faintly humming plate armour
 11115 | Lair:2   | Identified the +6 plate armour of the Hart {rElec} (You found it on level 2 of the Lair of Beasts)
 11607 | Lair:3   | Found a hole to the Spider Nest.
 11803 | Lair:3   | Found a staircase to the Swamp.
 11980 | Lair:3   | You fall through a shaft for 3 floors!
 11980 | Lair:6   | Entered Level 6 of the Lair of Beasts
 12031 | Lair:6   | Noticed a six-headed hydra
 12065 | Lair:6   | Killed a six-headed hydra
 12461 | Lair:4   | Found a deep blue altar of Sif Muna.
 13186 | Lair:5   | Reached XP level 13. HP: 111/121 MP: 13/15
 13598 | Lair:5   | Reached skill level 15 in Axes
 14082 | Lair:5   | Found a staircase to the Slime Pits.
 14308 | Lair:6   | Reached skill level 10 in Fighting
 15072 | Lair:6   | Reached ***** piety under Makhleb
 15663 | D:12     | Gained mutation: You resist negative energy. (rN+) [Deep Dwarf growth]
 15663 | D:12     | Reached XP level 14. HP: 116/133 MP: 16/16
 16296 | Orc:1    | Entered Level 1 of the Orcish Mines
 16572 | Orc:2    | Entered Level 2 of the Orcish Mines
 16579 | Orc:2    | Found Ikles's Antique Weapon Emporium.
 16591 | Orc:2    | Reached skill level 1 in Evocations
 16658 | Orc:2    | Noticed an orc warlord
 16658 | Orc:2    | Found Aqatatre's Antique Armour Emporium.
 16743 | D:13     | Reached skill level 10 in Shields
 16804 | D:13     | Found a frozen archway.
 16821 | IceCv    | Entered an ice cave
 17006 | IceCv    | HP: 4/199 [ice dragon/blast of cold (30)]
 17125 | IceCv    | Got a glittering jade ring
 17131 | IceCv    | Identified the ring "Hichin" {+Inv EV+4} (You found it in an ice cave)
 17552 | D:13     | Reached skill level 5 in Evocations
 17999 | D:13     | Noticed Nessos
 18031 | D:13     | Killed Nessos
 18176 | Orc:2    | Killed an orc warlord
 18309 | Orc:2    | Found Wedenwusko's Book Shoppe.
 18329 | Orc:2    | Reached XP level 15. HP: 115/142 MP: 15/15
 18577 | Orc:2    | Found a staircase to the Elven Halls.
 18593 | Orc:2    | Found Usiyz's General Store.
 18664 | Orc:2    | Bought a scroll of teleportation for 33 gold pieces
 18664 | Orc:2    | Bought a scroll of teleportation for 33 gold pieces
 18750 | Orc:2    | Bought a runed hand crossbow for 195 gold pieces
 20443 | D:14     | Found a gate to the Vaults.
 20453 | D:14     | Gained mutation: Your body sometimes deteriorates upon taking damage. [mutagenic glow]
 21165 | D:15     | Entered Level 15 of the Dungeon
 21206 | D:15     | Found Tuathoa's Food Shoppe.
 21384 | D:10     | Got a dazzling war axe
 21410 | D:10     | Identified the +5 war axe of the Blind Eye {holy, *Contam Str+4 Dex+5} (You found it on level 10 of the Dungeon)
 21800 | D:15     | Found a radiant altar of Vehumet.
 21842 | D:15     | Reached skill level 1 in Crossbows
 22200 | D:15     | Found a staircase to the Depths.
 22430 | Lair:5   | Gained mutation: You expend magic power (3 MP) to strengthen your wands. [mutagenic glow]
 22592 | Lair:5   | Gained mutation: Your magical capacity is low. (-10% MP) [mutagenic glow]
 22650 | Lair:5   | Gained mutation: You are clumsy. (Dex -2) [mutagenic glow]
 22877 | Lair:5   | Gained mutation: Scrolls take you a little longer to read. [mutagenic glow]
 24226 | Lair:5   | Got an ichor-stained flail
 24240 | Lair:5   | Identified the +6 flail "Dojups Symo" {pain, Int+3 Dex-5 Stlth+} (You found it on level 5 of the Lair of Beasts)
 24310 | Lair:3   | Gained mutation: You are weak. (Str -2) [mutagenic glow]
 24344 | Swamp:1  | Entered Level 1 of the Swamp
 24378 | Swamp:1  | Gained mutation: Armour fits poorly on your strangely shaped body. [mutagenic glow]
 24683 | Swamp:1  | Gained mutation: Scrolls take you longer to read. [mutagenic glow]
 24727 | Swamp:1  | Gained mutation: Your body often deteriorates upon taking damage. [mutagenic glow]
 25223 | Swamp:1  | Reached XP level 16. HP: 152/152 MP: 12/12
 25674 | Swamp:2  | Noticed a thorn hunter
 25700 | Swamp:2  | Killed a thorn hunter
 25778 | Swamp:2  | Noticed a thorn hunter
 26069 | Swamp:2  | Noticed a thorn hunter
 26079 | Swamp:2  | Killed a thorn hunter
 26482 | Swamp:3  | Reached ****** piety under Makhleb
 27205 | Swamp:4  | Entered Level 4 of the Swamp
 27215 | Swamp:4  | Reached skill level 10 in Evocations
 27486 | Swamp:4  | Reached skill level 5 in Crossbows
 27567 | Swamp:4  | Noticed a thorn hunter
 27571 | Swamp:4  | Noticed a thorn hunter
 27581 | Swamp:4  | Killed a thorn hunter
 27587 | Swamp:4  | Killed a thorn hunter
 27621 | Swamp:4  | Reached skill level 15 in Shields
 27641 | Swamp:4  | Got a decaying rune of Zot
 28228 | Spider:1 | Entered Level 1 of the Spider Nest
 28426 | Spider:1 | Reached XP level 17. HP: 162/162 MP: 13/13
 28454 | Spider:1 | Gained mutation: Scrolls take you much longer to read. [mutagenic glow]
 28852 | Spider:1 | Gained mutation: You occasionally shout uncontrollably at your foes. [mutagenic glow]
 29596 | Spider:2 | Noticed Jorgrun
 29611 | Spider:2 | Killed Jorgrun
 29739 | Spider:2 | Noticed Kirke
 29750 | Spider:2 | Killed Kirke
 30195 | Spider:2 | Gained mutation: Potions are less effective at restoring your health. [mutagenic glow]
 30216 | Spider:2 | Reached skill level 15 in Armour
 30294 | Spider:2 | Gained mutation: You are very weak. (Str -4) [mutagenic glow]
 31085 | Spider:3 | Gained mutation: You sometimes yell uncontrollably at your foes. [mutagenic glow]
 31359 | D:10     | Bought the +2 pair of gloves "Hayt" {Regen+} for 365 gold pieces
 31512 | Spider:4 | Entered Level 4 of the Spider Nest
 31790 | Spider:4 | Gained mutation: You are dopey. (Int -2) [mutagenic glow]
 32322 | Spider:4 | Gained mutation: You frequently scream uncontrollably at your foes. [mutagenic glow]
 32594 | Spider:4 | Gained mutation: You passively map a large area around you. [Deep Dwarf growth]
 32594 | Spider:4 | Reached XP level 18. HP: 171/171 MP: 14/14
 32838 | Spider:4 | Lost mutation: You frequently scream uncontrollably at your foes. [potion of mutation]
 32838 | Spider:4 | Lost mutation: Your magical capacity is low. (-10% MP) [potion of mutation]
 32838 | Spider:4 | Gained mutation: Your movements are slightly less encumbered by armour. (ER -2) [potion of mutation]
 32839 | Spider:4 | Lost mutation: Your movements are slightly less encumbered by armour. (ER -2) [potion of mutation]
 32839 | Spider:4 | Lost mutation: Scrolls take you much longer to read. [potion of mutation]
 32839 | Spider:4 | Gained mutation: You evolve. [potion of mutation]
 32839 | Spider:4 | Gained mutation: You possess an exceptional clarity of mind. [potion of mutation]
 32971 | Spider:4 | Got a gossamer rune of Zot
 33055 | Spider:4 | Lost mutation: Armour fits poorly on your strangely shaped body. [evolution]
 33334 | Vaults:1 | Entered Level 1 of the Vaults
 34141 | Vaults:1 | Reached skill level 1 in Dodging
 34651 | Vaults:1 | Found Dimpoll's Weapon Shoppe.
 34846 | Vaults:2 | Reached XP level 19. HP: 181/181 MP: 16/16
 35083 | Vaults:2 | Found Qiysyu's Distillery.
 35117 | Vaults:2 | Bought a potion of haste for 180 gold pieces
 35117 | Vaults:2 | Bought 2 potions of heal wounds for 180 gold pieces
 35117 | Vaults:2 | Bought a potion of agility for 72 gold pieces
 35117 | Vaults:2 | Bought a potion of haste for 180 gold pieces
 35257 | Vaults:2 | Reached skill level 10 in Crossbows
 35338 | Vaults:2 | Paralysed by a hornet for 2 turns
 36535 | Vaults:3 | Reached skill level 15 in Invocations
 36800 | Vaults:3 | Reached skill level 5 in Dodging
 36993 | Vaults:3 | Found a staircase to the Crypt.
 37208 | Vaults:3 | Found Firr's General Store.
 37216 | Vaults:3 | Bought 3 scrolls of teleportation for 198 gold pieces
 37216 | Vaults:3 | Bought a scroll of brand weapon for 440 gold pieces
 37731 | Vaults:4 | Paralysed by a floating eye for 2 turns
 37917 | Vaults:4 | Reached XP level 20. HP: 192/192 MP: 18/18
 38750 | Elf:1    | Entered Level 1 of the Elven Halls
 39793 | Elf:2    | Reached skill level 15 in Fighting
 40209 | Elf:2    | Found a runed gate.
 40209 | Elf:2    | Found a runed gate.
 40209 | Elf:2    | Found a runed gate.
 40376 | Elf:2    | Lost mutation: You are dopey. (Int -2) [evolution]
 40775 | Elf:3    | Entered Level 3 of the Elven Halls
 41183 | Elf:3    | Found Joptaig's General Store.
 41192 | Elf:3    | Bought a scroll of summoning for 104 gold pieces
 41192 | Elf:3    | Bought a scroll of teleportation for 33 gold pieces
 41192 | Elf:3    | Bought a scroll of teleportation for 33 gold pieces
 41192 | Elf:3    | Bought a potion of heal wounds for 55 gold pieces
 41347 | Elf:3    | Noticed Donald
 41363 | Elf:3    | Killed Donald
 41553 | Elf:3    | Reached XP level 21. HP: 78/201 MP: 20/20
 41872 | Elf:3    | Got a faintly glowing bronze ring
 41990 | Elf:3    | Found the +18 shield of the Gong {rElec rN+ MR+ EV-5}
 41997 | Elf:3    | Identified the cursed ring "Lynkaxom" {rF- AC-6 Str+5} (You took it off a deep elf death mage on level 3 of the Elven Halls)
 42004 | Elf:3    | Identified the Compendium of Transmigration and the Mountains
 42011 | Elf:3    | Got a bound ruby amulet
 42014 | Elf:3    | Identified the amulet of Renleel {Inacc +Inv rC+ MP-9 SInv} (You found it on level 3 of the Elven Halls)
 42038 | Elf:3    | Identified the Grimoire of Cold
 42041 | Elf:3    | Identified Lydesh's Reference Book on Attacks and the Snowflakes
 42073 | Elf:3    | Got a heavily runed granite ring
 42076 | Elf:3    | Identified the ring "Faulokea" {Wiz *Contam MR+ Dex+3} (You found it on level 3 of the Elven Halls)
 42101 | Elf:3    | Identified the Disquisition on Aid and Creation
 42122 | Elf:3    | Learned a level 2 spell: Blink
 42130 | Elf:3    | Got a smoking hand axe
 42143 | Elf:3    | Got a slimy ring mail
 42146 | Elf:3    | Identified the +7 hand axe "Giantbane" {drain, *Drain rC+ rN+ Dex+4} (You found it on level 3 of the Elven Halls)
 42148 | Elf:3    | Identified the +4 ring mail "Imuipe" {rPois MP-9 SInv} (You found it on level 3 of the Elven Halls)
 42151 | Elf:3    | Got a fine chain mail
 42154 | Elf:3    | Identified the +7 chain mail of Feasting {MR+} (You found it on level 3 of the Elven Halls)
 42466 | Orc:2    | Bought a manual of Shields for 1104 gold pieces
 42617 | Depths:1 | Entered Level 1 of the Depths
 42636 | Depths:1 | Reached skill level 1 in Translocations
 42701 | Depths:1 | Noticed a caustic shrike
 42724 | Depths:1 | Killed a caustic shrike
 42739 | Depths:1 | Noticed Saint Roka
 42749 | Depths:1 | Reached skill level 10 in Dodging
 42786 | Depths:1 | Noticed Saint Roka
 42786 | Depths:1 | Saint Roka changed into Saint Roka the shadow dragon
 42797 | Depths:1 | Killed Saint Roka the shadow dragon
 43013 | Depths:1 | Found a gateway to Hell.
 43270 | Depths:1 | Found Ynuihin's Jewellery Shoppe.
 43280 | Depths:1 | Found a gateway to a bazaar.
 43286 | Bazaar   | Entered a bazaar
 43286 | Bazaar   | Found Faliol's Gadget Boutique.
 43286 | Bazaar   | Found Ilocko's Assorted Antiques.
 43286 | Bazaar   | Found Rizucwak's General Store.
 43286 | Bazaar   | Found Jycyhick's Magic Scroll Boutique.
 43297 | Bazaar   | Bought a scroll of enchant armour for 127 gold pieces
 43297 | Bazaar   | Bought a scroll of enchant weapon for 127 gold pieces
 43297 | Bazaar   | Bought a scroll of enchant weapon for 127 gold pieces
 43297 | Bazaar   | Bought a scroll of blinking for 127 gold pieces
 43314 | Bazaar   | Bought 3 scrolls of teleportation for 72 gold pieces
 43316 | Bazaar   | Bought a wand of acid (4) for 208 gold pieces
 43322 | Bazaar   | Bought a scroll of enchant weapon for 157 gold pieces
 43646 | Depths:1 | Found Koank's Jewellery Shoppe.
 43904 | Depths:1 | Found a one-way gate leading to the halls of Pandemonium.
 44134 | Depths:2 | Found Baihoass's Book Shoppe.
 44136 | Depths:2 | Found Xynen's Book Shoppe.
 44136 | Depths:2 | Found Diddai's General Store.
 44140 | Depths:2 | Found Ganunoup's Distillery.
 44164 | Depths:2 | Bought a potion of heal wounds for 100 gold pieces
 44314 | Depths:2 | Reached skill level 5 in Translocations
 44464 | Depths:2 | Reached XP level 22. HP: 146/213 MP: 21/21
 44888 | Depths:2 | Found a one-way gate to the infinite horrors of the Abyss.
 44976 | Depths:2 | Gained mutation: You are partially covered in large bone plates. (SH +4) [evolution]
 45135 | Depths:3 | Slain by a titanic slime creature

Vault maps used:
D:1:      matt_arrival_spirals, st_stairs_13, minmay_lizard_king
D:2:      uniq_sigmund, uniq_jessica
D:3:      lemuel_doored_altar, lemuel_round_altar, gup_sewer_entry_pipe,
          bloody_makhleb
D:5:      serial_shops, shop_statue, first_ration, uniq_ijyb,
          uniq_prince_ribbit1
D:6:      dancing_weapons_uskayaw, uniq_pikel, uniq_crazy_yiuf_cottage
D:7:      old_standard_altar, lemuel_temple_firewalk_b, serial_shops,
          shop_fountains, grunt_livestock, hangedman_decor_push,
          minmay_stone_trees_small
D:8:      uniq_erica
D:9:      uniq_joseph
D:10:     minmay_statue_hallways, lair_entry_dummy, serial_shops,
          nicolae_shop_behind_doors, shop
D:11:     minmay_orc_entry_guard_dogs
D:13:     minmay_imperfect_grid, portal_ice_cave_rime, uniq_nessos
D:14:     grunt_vaults_entry_tiered, hangedman_incinerator
D:15:     grunt_enter_depths_magical_seal, serial_shops, shop, basic_altar
Lair:1:   grunt_megastairs_4, serial_bayou_shore_a
Lair:2:   disabler_island
Lair:3:   nicolae_swamp_entry_splash_gauntlet, dummy_spider_entry,
          guppyfry_lair_drakes
Lair:4:   basic_altar, serial_bayou_lagoon_b
Lair:5:   minmay_slime_entry_oklob_open, minmay_lair_oklob_chamber
Lair:6:   minmay_lair_end_enchanted_forest, nicolae_quartered_pool_little,
          grunt_megastairs_3
Swamp:1:  hangedman_swamp_ruin_wall, swamp_pool2, infiniplex_staircase_pool_2
Swamp:2:  nicolae_swamp_phyte_club, evilmike_swamp_ruin_house_6,
          statue_in_the_mist_lemuel
Swamp:3:  nicolae_swamp_trees_clearing, infiniplex_staircase_pool
Swamp:4:  swamp, swamp_pool3
Spider:2: spiders_nest_scorpion_pit, uniq_kirke, uniq_jorgrun
Spider:3: spiders_nest_spider_trap
Spider:4: spider_rune_water
Orc:2:    grunt_orc_gardens, grunt_orc_garden, grunt_orc_garden,
          grunt_orc_garden, grunt_orc_garden
Elf:1:    minmay_elf_arrival_plus, serial_sigils, serial_sigils_hangedman_shear,
          serial_sigils_hangedman_gnaw, serial_sigils_hangedman_leer,
          serial_sigils_hangedman_quiver, hangedman_elf_disciples
Elf:3:    minmay_elf_hall_statues, serial_shops, shop, uniq_donald
Vaults:1: nicolae_vaults_halls_meeting, hangedman_vaults_nails,
          ontoclasm_vaults_ring_small, vaults_mumra_chevron, v_rooms_1,
          v_misc_32, vaults_room_large_hall, v_misc_28,
          ontoclasm_vaults_ring_small, v_misc_25, vaults_dpeg_ring, v_misc_15,
          nicolae_vaults_little_squares_2, vaults_room_corners, serial_shops,
          nicolae_shop_waterfront
Vaults:2: nicolae_vaults_big_angled_halls, v_misc_17, v_misc_19,
          dpeg_vaults_monster_box, v_alt_pattern_1, nicolae_vaults_little_ls,
          v_misc_11, v_misc_25, v_misc_31, nicolae_vaults_border_crossing,
          vaults_room_door_ring, serial_shops, nicolae_shop_trees
Vaults:3: v_rooms_5, v_misc_1, vaults_dpeg_spiral,
          minmay_crypt_entry_simple_statues, grunt_vaults_trifunnel,
          v_pattern_5, nicolae_vaults_yaktaur_gun_rack,
          nicolae_vaults_diagonal_hallway_6, ontoclasm_vaults_chip,
          ontoclasm_vaults_claustrophobia, serial_shops, shop_fountains
Vaults:4: vaults_room_grid, v_rooms_5, grunt_vaults_focal,
          hangedman_vaults_stitches, vaults_room_boxed, nicolae_vaults_asterisk,
          nicolae_vaults_diagonal_hallway_8, hangedman_vaults_restitches,
          v_misc_33, grunt_vaults_hallway_short, ontoclasm_vaults_spin,
          vaults_room_semicircle, v_misc_16, vaults_dpeg_hooks, v_misc_15
Depths:1: minmay_crescents, rand_demon_pan_entry_7, hell_entry, serial_shops,
          bzr_entry_gold, shop, shop, uniq_saint_roka
Depths:2: kennysheep_windowed_halls, hangedman_abyss_or_decor_stabs, hell_entry,
          abyss_entry_crystal, minmay_staircase_windowed_large, minmay_shoptagon
Depths:3: hangedman_cross_veins, rand_demon_pan_entry_5, grunt_hell_entry_dis_mu
Bazaar:   bazaar_minmay_generic_box
Sewer:    sewer_frog_island_02
IceCv:    ice_cave_small_dragons

Skill      XL: |  1  2  3  4  5  6  7  8  9 10 11 12 13 14 15 16 17 18 19 20 21 22 |
---------------+-------------------------------------------------------------------+-----
Axes           | 3 4 5 6 8 10 11 13 14 15 16 17 18 | 18.0
Fighting       | 3 4 5 6 7 8 9 10 11 12 13 14 15 16 | 16.1
Armour         | 4 5 6 8 9 10 11 12 13 14 15 16 17 18 | 18.5
Invocations    | 1 2 3 4 6 8 9 10 12 13 14 15 16 17 | 17.0
Shields        | 5 7 9 11 13 15 17 18 | 18.3
Evocations     | 6 9 10 12 13 14 | 14.1
Crossbows      | 3 5 7 9 11 12 13 | 13.0
Dodging        | 2 6 9 10 11 | 11.1
Translocations | 5 |  5.7

Action                   |  1- 3 |  4- 6 |  7- 9 | 10-12 | 13-15 | 16-18 | 19-21 | 22-24 || total
-------------------------+-------+-------+-------+-------+-------+-------+-------+-------++-------
Melee: War axe           |   108 |   295 |   162 |   825 |  1419 |       |       |       ||  2809
       Whip              |       |    19 |    30 |       |       |       |       |       ||    49
       Hand axe          |       |     7 |       |       |       |       |       |       ||     7
       Flail             |       |       |   156 |    43 |   122 |       |       |       ||   321
       Hunting sling     |       |       |     2 |       |       |       |       |       ||     2
       Broad axe         |       |       |       |       |    59 |  1479 |  1677 |   109 ||  3324
       Morningstar       |       |       |       |       |    28 |       |       |       ||    28
 Fire: Hunting sling     |     4 |    31 |       |       |       |       |       |       ||    35
       Blowgun           |       |       |    20 |       |       |       |       |       ||    20
       Hand crossbow     |       |       |       |       |    18 |    64 |     5 |       ||    87
Throw: Stone             |     3 |     1 |     5 |       |       |       |       |       ||     9
       Throwing net      |       |       |       |       |     1 |     2 |       |       ||     3
Invok: Lesser Servant of |       |       |     8 |    23 |    39 |    30 |       |       ||   100
       Minor Destruction |       |       |     2 |       |       |       |       |       ||     2
       Major Destruction |       |       |       |       |     1 |       |       |       ||     1
       Greater Servant o |       |       |       |       |       |       |     9 |     1 ||    10
 Abil: Heal Wounds       |     1 |     2 |    11 |    19 |    13 |     3 |     4 |       ||    53
       Evoke Invisibilit |       |       |       |       |    19 |    38 |     3 |       ||    60
Evoke: Wand              |       |       |       |     6 |    14 |     1 |       |     2 ||    23
  Use: Scroll            |     3 |     7 |     3 |     7 |    25 |     5 |    12 |       ||    62
       Potion            |       |       |     2 |     4 |     7 |    12 |     8 |       ||    33
 Stab: Distracted        |       |       |       |     4 |     7 |    12 |     4 |       ||    27
       Invisible         |       |       |       |       |    56 |   137 |    30 |       ||   223
       Paralysed         |       |       |       |       |       |     6 |    26 |     4 ||    36
       Petrifying        |       |       |       |       |       |       |     7 |       ||     7
       Petrified         |       |       |       |       |       |       |    10 |       ||    10
       Confused          |       |       |       |       |       |       |     3 |       ||     3
  Eat: Chunk             |     1 |     7 |    12 |    18 |    39 |    26 |    27 |     2 ||   132
       Ration            |       |       |     1 |     1 |     5 |     6 |     2 |       ||    15
Armor: Scale mail        |    29 |       |       |       |       |       |       |       ||    29
       Chain mail        |    17 |   225 |    79 |   178 |       |       |       |       ||   499
       Plate armour      |       |       |   140 |   241 |   884 |   890 |   633 |    51 ||  2839
       Ring mail         |       |       |       |    52 |       |       |       |       ||    52
       Ice dragon scales |       |       |       |       |    64 |       |       |       ||    64
Dodge: Dodged            |    24 |    97 |    71 |   192 |   498 |   599 |   457 |    34 ||  1972
Block: Shield            |    54 |   212 |   174 |   405 |  1056 |  1363 |   785 |       ||  4049
       Reflection        |       |       |       |       |       |    24 |   111 |    13 ||   148
       Large shield      |       |       |       |       |       |       |   423 |   159 ||   582

Table legend:
 A = Spawn XP
 B = Non-spawn XP
 C = Spawn XP percentage of total XP
 D = Spawn monster count
 E = Non-spawn monster count
 F = Spawn count percentage of total count
 G = Total turns spent on level
                    A         B        C        D         E        F      G
               +---------+---------+-------+---------+---------+-------+---------
         Total |       0 |  728712 |   0.0 |       0 |    1784 |   0.0 | 45135
               +---------+---------+-------+---------+---------+-------+---------
           D:1 |       0 |      49 |   0.0 |       0 |      28 |   0.0 |   916
           D:2 |       0 |      51 |   0.0 |       0 |       7 |   0.0 |   535
           D:3 |       0 |     134 |   0.0 |       0 |      31 |   0.0 |   755
           D:4 |       0 |     367 |   0.0 |       0 |      16 |   0.0 |   663
           D:5 |       0 |     504 |   0.0 |       0 |      16 |   0.0 |   846
           D:6 |       0 |     813 |   0.0 |       0 |      19 |   0.0 |   502
           D:7 |       0 |    1483 |   0.0 |       0 |      21 |   0.0 |   907
           D:8 |       0 |    1430 |   0.0 |       0 |      23 |   0.0 |   581
           D:9 |       0 |    4211 |   0.0 |       0 |      29 |   0.0 |  1283
          D:10 |       0 |    4718 |   0.0 |       0 |      41 |   0.0 |  1679
          D:11 |       0 |    1624 |   0.0 |       0 |      13 |   0.0 |  1125
          D:12 |       0 |    4695 |   0.0 |       0 |      25 |   0.0 |   961
          D:13 |       0 |   21499 |   0.0 |       0 |      70 |   0.0 |  2383
          D:14 |       0 |   20251 |   0.0 |       0 |      81 |   0.0 |  1041
          D:15 |       0 |   14420 |   0.0 |       0 |      36 |   0.0 |   920
        Lair:1 |       0 |    3916 |   0.0 |       0 |      16 |   0.0 |   741
        Lair:2 |       0 |    4427 |   0.0 |       0 |      24 |   0.0 |   999
        Lair:3 |       0 |    5473 |   0.0 |       0 |      29 |   0.0 |  1003
        Lair:4 |       0 |    3655 |   0.0 |       0 |      18 |   0.0 |   942
        Lair:5 |       0 |   13790 |   0.0 |       0 |      42 |   0.0 |  2968
        Lair:6 |       0 |   19724 |   0.0 |       0 |      98 |   0.0 |  1449
       Swamp:1 |       0 |    8306 |   0.0 |       0 |      26 |   0.0 |   803
       Swamp:2 |       0 |   16177 |   0.0 |       0 |      32 |   0.0 |  1065
       Swamp:3 |       0 |   13211 |   0.0 |       0 |      34 |   0.0 |   878
       Swamp:4 |       0 |   29583 |   0.0 |       0 |      57 |   0.0 |   902
      Spider:1 |       0 |   12023 |   0.0 |       0 |      39 |   0.0 |  1177
      Spider:2 |       0 |   26199 |   0.0 |       0 |      66 |   0.0 |  1484
      Spider:3 |       0 |    8242 |   0.0 |       0 |      18 |   0.0 |   552
      Spider:4 |       0 |   46592 |   0.0 |       0 |     113 |   0.0 |  1524
         Orc:1 |       0 |    1353 |   0.0 |       0 |      15 |   0.0 |   350
         Orc:2 |       0 |   11247 |   0.0 |       0 |      38 |   0.0 |   812
         Elf:1 |       0 |   26488 |   0.0 |       0 |      45 |   0.0 |  1003
         Elf:2 |       0 |   31335 |   0.0 |       0 |      47 |   0.0 |  1070
         Elf:3 |       0 |   54258 |   0.0 |       0 |      54 |   0.0 |  1480
      Vaults:1 |       0 |   62933 |   0.0 |       0 |      99 |   0.0 |  1385
      Vaults:2 |       0 |   44824 |   0.0 |       0 |      61 |   0.0 |  1422
      Vaults:3 |       0 |   42867 |   0.0 |       0 |      66 |   0.0 |  1390
      Vaults:4 |       0 |   38351 |   0.0 |       0 |      62 |   0.0 |  1115
      Depths:1 |       0 |   77226 |   0.0 |       0 |      96 |   0.0 |  1408
      Depths:2 |       0 |   42565 |   0.0 |       0 |      56 |   0.0 |  1044
      Depths:3 |       0 |    2422 |   0.0 |       0 |       6 |   0.0 |    19
         Sewer |       0 |     378 |   0.0 |       0 |      51 |   0.0 |   541
         IceCv |       0 |    4898 |   0.0 |       0 |      20 |   0.0 |   465
               +---------+---------+-------+---------+---------+-------+---------
